AoeStats
← BENNNET

Arabia

509685313Analyzed
1v1 RM · 4d ago on Sep 27, 2026· 42m 8s· 2 players
Game mode
Random Map
Map size
Tiny (2 player)
Population
200
Speed
Normal
Resources
Standard
Victory
Conquest
Starting age
Dark Age
Ending age
Imperial Age
RankedLock teamsTeams togetherTeam positionsShared explorationLock speedFull tech treeHidden civsTurbo modeCheats
Victory
Defeat
🇨🇱 Magyars · Chile
1155
+18
🇪🇨 Saracens · Ecuador
1188
-18
HHHGGG
6:49 Loom
9:37 Feudal Age
10:14 Double-Bit Axe
20:52 Castle Age
20:45 Fletching
21:13 Bloodlines
22:06 Bow Saw
22:12 Horse Collar
25:00 Wheelbarrow
25:22 Bodkin Arrow
27:02 Padded Archer Armor
35:19 Imperial Age
33:57 Ballistics
33:56 Scale Barding Armor
35:27 Chain Barding Armor
36:06 Husbandry
37:21 Chemistry
37:14 Bracer
38:18 Leather Archer Armor
40:46 Ring Archer Armor
41:10 Parthian Tactics
42:12 Conscription
BENNNET
5:47 Loom
9:19 Feudal Age
9:34 Man-at-Arms
21:13 Castle Age
19:33 Double-Bit Axe
19:31 Horse Collar
19:44 Gold Mining
21:53 Forging
21:49 Scale Barding Armor
22:03 Bloodlines
21:57 Husbandry
25:15 Fletching
28:20 Town Watch
31:26 Heavy Plow
31:39 Bow Saw
36:54 Imperial Age
34:47 Bodkin Arrow
34:52 Padded Archer Armor
36:00 Wheelbarrow
36:49 Thumb Ring
37:52 Ballistics
37:49 Leather Archer Armor
38:45 Bracer
40:11 Parthian Tactics
41:45 Hand Cart
41:33 Town Patrol
Connection lost

Rejoining the realm…

Still unreachable

The connection could not be restored.

Session expired

The server has moved on; the page needs a fresh start.